 Dungeon Crawl Stone Soup version 0.30.0-29-ga12c61a403 (webtiles) character file.

Game seed: 16554475006255605103

154 hitthewallwitha the Trooper (level 5, -7/46 HPs)
             Began as a Draconian Berserker on June 19, 2023.
             Was a Believer of Trog.
             Mangled by an orc
             ... wielding a +0 flail
              (12 damage)
             ... on level 3 of the Dungeon.
             The game lasted 00:12:35 (2702 turns).

hitthewallwitha the Trooper (Draconian Berserker)   Turns: 2702, Time: 00:12:35

Health: -7/46      AC:  6    Str: 22    XL:     5   Next: 13%
Magic:  5/5        EV: 12    Int:  7    God:    Trog [**....]
Gold:   133        SH:  0    Dex: 10    Spells: 4/4 levels left

rFire   + . .        e - +2 dagger (venom)
rCold   . . .        f - orb {mayhem}
rNeg    . . .        (body armour unavailable)
rPois   .            (helmet restricted)
rElec   .            (no cloak)
rCorr   .            a - +0 pair of gloves
SInv    .            (no boots)
Will    .....        (no amulet)
Stlth   +            s - +4 ring of slaying
HPRegen 0.27/turn    m - ring of protection from fire
MPRegen 0.09/turn

%: mayhem
@: no status effects
A: AC +5, unfitting armour, cold-blooded
a: Renounce Religion, Berserk, Trog's Hand


You were on level 3 of the Dungeon.
You worshipped Trog.
Trog was pleased with you.
You visited 1 branch of the dungeon, and saw 3 of its levels.

You collected 133 gold pieces.

Inventory:

Hand Weapons
 e - a +2 dagger of venom (weapon)
 i - a +0 short sword of venom
 o - a +0 sling
Missiles
 d - 29 stones
Armour
 a - a +0 pair of gloves (worn)
 f - an orb of mayhem (worn)
Jewellery
 k - a ring of positive energy
 m - a ring of protection from fire (right hand)
 s - a +4 ring of slaying (left hand)
Scrolls
 c - 3 scrolls of identify {unknown}
 h - 2 scrolls of vulnerability {unknown}
 n - a scroll of blinking {unknown}
 p - 2 scrolls of amnesia {unknown}
 t - a scroll of fear {unknown}
Potions
 b - a potion of haste {unknown}
 g - a potion of invisibility {unknown}
 j - 2 potions of mutation {unknown}
 l - a potion of lignification {unknown}
 q - a potion of curing {unknown}
 r - a potion of might {unknown}


   Skills:
 + Level 4.0 Fighting
 + Level 1.3 Short Blades
 + Level 3.7 Axes
 + Level 4.0 Dodging
 + Level 1.1 Stealth


You had 4 spell levels left.
You didn't know any spells.
Your spell library contained the following spells:

 Spells                   Type           Power      Damage    Failure   Level
 Frozen Ramparts          Ice            0%         1d1       80%         3
 Ice Form                 Ice/Tmut       0%         N/A       99%         4
 Olgreb's Toxic Radiance  Pois           0%         N/A       99%         4
 Summon Ice Beast         Ice/Summ       0%         N/A       99%         4
 Blade Hands              Tmut           0%         N/A       100%        5
 Iron Shot                Conj/Erth      0%         9d1       100%        6
 Discord                  Hex            0%         N/A       100%        8
 Ignition                 Fire           0%         3d3       100%        8
 Animate Armour           Summ/Erth      Unusable   N/A       N/A         4

Dungeon Overview and Level Annotations

Branches:
Dungeon (3/15)

Altars:


Innate Abilities, Weirdness & Mutations

Your plain brown scales are hard. (AC +5)
You cannot fit into any form of body armour.
You are cold-blooded and may be slowed by cold attacks.


Message History

The hobgoblin misses you.
An orc wizard comes into view. It is wielding a +3 dagger.
You closely miss the hobgoblin.
Your tail-slap misses the hobgoblin.
The orc wizard gestures at you while chanting.
The puff of flame hits you. You resist. The hobgoblin misses you.
You barely miss the hobgoblin. The orc priest barely misses you.
The hobgoblin closely misses you.
You hit the hobgoblin.
The hobgoblin is poisoned.
The hobgoblin is severely wounded.
The orc priest hits you with a +0 short sword.
The hobgoblin closely misses you.
You closely miss the hobgoblin. You tail-slap the hobgoblin.
You kill the hobgoblin!
Trog accepts your kill.
The orc priest hits you but does no damage.
The orc closely misses you.
You hit the orc priest.
The orc priest is poisoned.
The orc priest is lightly wounded.
The orc priest calls down the wrath of Beogh upon you.
Pain shoots through your body! The orc closely misses you.
You puncture the orc priest!
The orc priest looks as sick as possible!
The orc priest is almost dead.
You kill the orc priest!
Trog accepts your kill.
The orc flies into a frenzy!
The orc hits you with a +0 flail!
Your Dodging skill increases to level 4!
You have reached level 5!
You closely miss the orc. The orc hits you but does no damage.
The orc wizard gestures wildly while chanting.
The orc wizard flickers and vanishes!
Deactivating autopickup; reactivate with Ctrl-A.
You hit the orc but do no damage.
The orc is poisoned.
Your tail-slap misses the orc.
The orc hits you with a +0 flail!
* * * LOW HITPOINT WARNING * * *
Something hits the orc.
You hit the orc.
The orc looks as sick as possible!
The orc is moderately wounded.
The orc hits you with a +0 flail!
You die...

###############
#.....)@....†.#########
......o†#####.##.. ..#
#....{..# #.##.# #.#
#.......# #>##.####.##
#.........###....#......
...................####.
#.......#.###....#####..
#.......#........# ##.#.
#####..#####.###


You could see a neutral orc (fast, strong, insane, extremely poisoned).

Vanquished Creatures
  An orc priest (D:3)
  7 adders
  6 dart slugs
  4 endoplasms
  A giant cockroach (D:1)
  7 goblins
  7 hobgoblins
  A quokka (D:2)
  A ball python (D:2)
  7 bats
  7 frilled lizards
  2 kobolds
  3 rats
54 creatures vanquished.

Notes
Turn   | Place    | Note
-------+----------+-------------------------------------------
     0 | D:1      | hitthewallwitha the Draconian Berserker began the quest for
                  | the Orb.
     0 | D:1      | Reached XP level 1. HP: 19/19 MP: 1/1
   754 | D:1      | Reached XP level 2. HP: 26/26 MP: 2/2
  1313 | D:1      | Reached ** piety under Trog
  1314 | D:1      | Reached XP level 3. HP: 27/33 MP: 3/3
  1894 | D:2      | Reached XP level 4. HP: 39/40 MP: 4/4
  2106 | D:2      | Reached skill level 1 in Short Blades
  2576 | D:3      | Reached skill level 1 in Stealth
  2700 | D:3      | Reached XP level 5. HP: 17/46 MP: 5/5
  2702 | D:3      | Mangled by an orc

Illustrated notes

Levels and vault maps discovered:
D:1:      spicycebolla_green_bress_n_ham_2, layout_loops_ring, kennysheep_boxes
D:2:      layout_basic, nicolae_half_adder
D:3:      layout_loops_ring, chequers_temple_overflow_statue_of_worship,
          gammafunk_temple_overflow_pools, serial_shops, shop

Skill      XL: |  1  2  3  4 |
---------------+-------------+-----
Dodging        | 3 4 |  4.0
Short Blades   | 1 |  1.3
Stealth        | 1 |  1.1
Fighting       | 4 |  4.0
Axes           | |  3.7

Action                     |  1- 3 |  4- 6 || total
---------------------------+-------+-------++-------
  Melee: Hand axe          |    34 |       ||    34
         Tailslap          |    16 |     2 ||    18
         Punch             |     1 |       ||     1
         Dagger            |    79 |    47 ||   126
   Stab: Sleeping          |     1 |     2 ||     3
 Armour: Skin              |    44 |    10 ||    54
  Dodge: Dodged            |    67 |    38 ||   105
